 Dungeon Crawl Stone Soup version 0.28.0 (webtiles) character file.

Game seed: 15226859607364703801

9 Sharkman1231 the Sneak (level 2, -6/24 HPs)
             Began as a Demonspawn Delver on Feb 6, 2022.
             Killed from afar by Blork the orc (8 damage)
             ... with a magic dart
             ... on level 5 of the Dungeon.
             The game lasted 00:00:23 (153 turns).

Sharkman1231 the Sneak (Demonspawn Delver)           Turns: 153, Time: 00:00:24

Health: -6/24      AC:  3    Str: 12    XL:     2   Next: 3%
Magic:  2/2        EV: 11    Int: 11    God:
Gold:   0          SH:  0    Dex: 14    Spells: 1/1 levels left

rFire   . . .      SeeInvis .   a - +0 long sword
rCold   . . .      Faith    .   (no shield)
rNeg    . . .      Spirit   .   b - +0 leather armour
rPois   .          Reflect  .   (no helmet)
rElec   .          Harm     .   (no cloak)
rCorr   .          Rampage  .   (no gloves)
Will    .....                   (no boots)
Stlth   ++........              (no amulet)
HPRegen 0.08/turn               (no ring)
MPRegen 0.08/turn               (no ring)

@: no status effects
A: foul stench 1
a: no special abilities


You were on level 5 of the Dungeon.
You visited 1 branch of the dungeon, and saw 1 of its levels.

Inventory:

Hand Weapons
 a - a +0 long sword (weapon)
 h - a +0 falchion
Armour
 b - a +0 leather armour (worn)
Wands
 g - a wand of digging (3)
Scrolls
 c - a scroll of fog
 d - a scroll of magic mapping
Potions
 f - a potion of haste
 i - a potion of curing {unknown}


   Skills:
 + Level 3.1 Fighting
 * Level 2.1 Long Blades
 + Level 1.9 Dodging
 - Level 4.5 Stealth
 + Level 0.4 Evocations


You had one spell level left.
You didn't know any spells.
Your spell library contained the following spells:

 Spells                   Type           Power      Damage    Failure   Level
 Fireball                 Conj/Fire      0%         3d3       100%        5
 Iskenderun's Battlesphe  Conj           0%         2d6       100%        5
 Conjure Ball Lightning   Conj/Air       0%         3x3d6     100%        6
 Orb of Destruction       Conj           0%         9d5       100%        7


Dungeon Overview and Level Annotations

Branches:
Dungeon (5/15)
 Temple: D:4-7

Altars:

Annotations:
D:5 Blork the orc, Prince Ribbit


Innate Abilities, Weirdness & Mutations

You may rarely emit foul miasma when damaged in melee.


Message History

The adder is heavily wounded.
The adder bites you. The adder bites you but does no damage.
You miss the adder.
The adder is heavily wounded.
The adder bites you but does no damage.
You slash the adder!
You kill the adder!
Your Long Blades skill increases to level 2!
You have reached level 2!
Your demonic ancestry asserts itself...
You begin to emit a foul stench of rot and decay.
You start resting.
HP restored.
Found 24 stones.
A sourceless malevolence fills the Dungeon...
With a horrendous wail, an alarm goes off!
A sentinel's mark forms upon you.
You hear a loud, deep croak!
You hear a shout! x2
A scorpion comes into view.
Prince Ribbit comes into view.
Prince Ribbit closely misses you.
As you read the scroll of fear, it crumbles to dust.
You assume a fearsome visage.
Prince Ribbit looks frightened!
The scorpion looks frightened!
Prince Ribbit blinks! x2
Unknown command.
Blork the orc comes into view.
He is wielding a +0 short sword.
Blork the orc points at you and mumbles some strange words.
The puff of frost hits you!
Ouch! That really hurt!
Blork the orc closely misses you.
Blork the orc points at you and mumbles some strange words.
The puff of frost hits you!
Ouch! That really hurt!
* * * LOW HITPOINT WARNING * * *
An orc comes into view. It is wielding a +0 dagger.
The sentinel's mark upon you fades away.
Blork the orc looks braver for a moment.
Blork the orc points at you and mumbles some strange words.
The magic dart hits you!
You die...

......# #.ยง..s.### .
###...## ##....## ###.o##
##..## ##..## #### ##..##
##.o### ##s..########
##########
#..........#####.......>.
##..o...@.............###
##..............######
##########...### #####


You could see Blork the orc, a scorpion and an orc.

Vanquished Creatures
  An adder (D:5)
1 creature vanquished.

Vanquished Creatures (others)
  2 plants (D:5)
2 creatures vanquished.

Grand Total: 3 creatures vanquished

Notes
Turn   | Place    | Note
-------+----------+-------------------------------------------
     0 | D:5      | Sharkman1231 the Demonspawn Delver began the quest for the
                  | Orb.
     0 | D:5      | Reached XP level 1. HP: 18/18 MP: 1/1
    74 | D:5      | Gained mutation: You may rarely emit foul miasma when
                  | damaged in melee. [demonic ancestry]
    74 | D:5      | Reached XP level 2. HP: 20/24 MP: 2/2
   125 | D:5      | Noticed a scorpion
   130 | D:5      | Noticed Prince Ribbit
   134 | D:5      | Noticed Blork the orc
   141 | D:5      | HP: 1/24 [Blork the orc/puff of frost (12)]
   153 | D:5      | Killed from afar by Blork the orc

Illustrated notes

Levels and vault maps discovered:
D:5:      corexii_shack_village, layout_layer_cave, uniq_prince_ribbit1,
          uniq_eustachio, uniq_edmund, uniq_blork_the_orc

Skill      XL: |  1 |
---------------+----+-----
Long Blades    | 2 |  2.1
Fighting       | |  3.1
Dodging        | |  1.9
Stealth        | |  4.5
Evocations     | |  0.4

Action                   || total
-------------------------++-------
Melee: Long sword        ||     6
  Use: Scroll            ||     1
Armor: Leather armour    ||     2
Dodge: Dodged            ||     8
